 Dungeon Crawl Stone Soup version 0.26-a0-30-g56b8cd3df0 (webtiles) character file.

Game seed: 6010085915239025439, levelgen mode: deterministic

27444 Apogee the Basher (level 13, -5/109 HPs)
             Began as a Minotaur Berserker on May 29, 2020.
             Was the Champion of Trog.
             Slain by a harpy (11 damage)
             ... summoned by Kirke
             ... on level 14 of the Dungeon.
             The game lasted 00:50:52 (13824 turns).

Apogee the Basher (Minotaur Berserker)             Turns: 13824, Time: 00:50:54

Health: -5/109     AC:  0    Str: 26    XL:     13   Next: 4%
Magic:  12/12      EV: 18    Int:  4    God:    Trog [******]
Gold:   1484       SH:  5    Dex: 11    Spells: 12/12 levels left

rFire    . . .     SeeInvis .   (weapon currently unavailable)
rCold    . . .     Gourm    .   (shield currently unavailable)
rNeg     . . .     Faith    .   (armour currently unavailable)
rPois    .         Spirit   .   (helmet currently unavailable)
rElec    .         Reflect  +   (cloak currently unavailable)
rCorr    .         Harm     .   (gloves currently unavailable)
MR       .....                  (boots currently unavailable)
Stlth    +.........             e - amulet of reflection
HPRegen  0.28/turn              (ring currently unavailable)
MPRegen  0.13/turn              (ring currently unavailable)

@: about to teleport, pig-form, very quick
A: small, (retaliatory headbutt), frail 1
a: Berserk, Trog's Hand, Brothers in Arms, Renounce Religion


You were on level 14 of the Dungeon.
You worshipped Trog.
Trog was exalted by your worship.
You were not hungry.
You were a filthy swine.
You visited 1 branch of the dungeon, and saw 14 of its levels.
You visited 1 bazaar.
You also visited: Ossuary and Bailey.

You collected 1619 gold pieces.
You spent 135 gold pieces at shops.

Inventory:

Hand Weapons
 a - a +7 dire flail
 b - a +0 hunting sling
 w - a +3 club of protection (melded)
 Y - a +1 antimagic dire flail
Missiles
 r - 259 stones (quivered)
 B - 5 throwing nets
 M - 51 sling bullets
Armour
 f - a +2 kite shield of reflection (melded)
 o - a +0 plate armour of fire resistance (melded)
 x - a +0 pair of gloves (melded)
 C - a +1 pair of boots (melded)
 K - a +2 cloak (melded)
Jewellery
 e - an amulet of reflection (around neck)
 k - a +6 ring of strength (melded)
 m - a +6 ring of strength (melded)
 z - an uncursed ring of resist corrosion
 I - an uncursed ring of positive energy
 O - an uncursed ring of see invisible
Wands
 j - a wand of polymorph (27)
 s - a wand of disintegration (26)
 v - a wand of flame (46)
 L - a wand of digging (8)
 T - a wand of iceblast (8)
 W - a wand of paralysis (8)
 Z - a wand of random effects (23)
Scrolls
 i - 7 scrolls of identify
 l - 2 scrolls of fog
 y - a scroll of teleportation
 A - 3 scrolls of remove curse
 F - 4 scrolls of magic mapping
 G - a scroll of enchant armour
 Q - 3 scrolls of enchant weapon
Potions
 d - a potion of ambrosia
 h - 6 potions of lignification
 n - 2 potions of brilliance
 p - 5 potions of stabbing
 q - a potion of flight
 t - 8 potions of curing
 u - a potion of berserk rage
 E - 5 potions of haste
 H - 3 potions of heal wounds
Comestibles
 c - 33 rations
 g - 8 chunks of flesh


   Skills:
 + Level 13.4 Fighting
 - Level 14.0 Maces & Flails
 - Level 10.0 Slings
 + Level 12.1 Armour
 + Level 7.4 Dodging
 + Level 3.3 Shields


You had 12 spell levels left.
You didn't know any spells.
Your spell library contained the following spells:

 Spells                   Type           Power        Failure   Level  Hunger
 Magic Dart               Conj           #...         50%         1    ##.....
 Blink                    Tloc           N/A          65%         2    ###....
 Call Imp                 Summ           #.......     65%         2    ###....
 Slow                     Hex            #.......     65%         2    ###....
 Conjure Flame            Conj/Fire      #.......     86%         3    ####...
 Mephitic Cloud           Conj/Pois/Air  #.......     86%         3    ####...


Dungeon Overview and Level Annotations

Branches:
Dungeon (14/15)            Temple (0/1) D:6            Lair (0/6) D:11
    Orc (0/2) D:11         Vaults (0/5) D:13        Ossuary (visited)
 Bailey (visited)

Altars:
Cheibriados
Elyvilon
Gozag
Trog
Uskayaw

Shops:
D:5 (   D:6 *

Annotations:
D:14 1 runed translucent door, Kirke; Yraatu's ghost, journeyman TrTm


Innate Abilities, Weirdness & Mutations

((You reflexively headbutt those who attack you in melee.))
((You have a pair of horns on your head.))
((You have hoof-like feet.))
You are frail. (-10% HP)
((Your movements are slightly less encumbered by armour. (ER -2)))


Message History

The harpy screeches!
The harpy claws you!! The harpy claws you! The harpy barely misses you. x2
Kirke splashes a potion.
As you read the scroll of teleportation, it crumbles to dust.
You feel strangely unstable.
The harpy screeches!
The harpy misses you. The harpy completely misses you.
Kirke holds her sides and says, "You'll eat dirt beneath my feet."
Kirke hits you!
* * * LOW HITPOINT WARNING * * *
The harpy screeches!
The harpy barely misses you. The harpy misses you.
You block the harpy's attack. The harpy closely misses you.
The harpy screeches!
The harpy claws you!!
* * * LOW HITPOINT WARNING * * *
The harpy claws you!
* * * LOW HITPOINT WARNING * * *
The harpy claws you!
You die...

###...#####
..##
.###.....# ..#
.####.[.## ...
...###'## #H#
##.# #.# #h#
...# #.# #†#
.#####.## #.#
..###...##
#######@#
#.##.....#
#...Hh..#
#.###...##
#.####### #.#
##.## #.#
..####.#####.#
..>..........#
######.#######
#.# #.# #.#


You could see Kirke and a harpy (summoned).

Vanquished Creatures
  Erolcha (D:9)
  4 vault guards (D:13)
  Harold (D:10)
  A centaur warrior (D:13)
  Erica (D:10)
  A two-headed ogre (D:13)
  3 death yaks (D:11)
  2 orc knights
  Pikel (D:8)
  2 ugly things (D:13)
  3 cyclopes
  A deep elf mage (D:12)
  A centaur skeleton (D:13)
  A gargoyle (D:10)
  A kobold demonologist (D:12)
  A komodo dragon (D:12)
  A tengu conjurer (D:14)
  A troll (D:12)
  3 hippogriffs
  A hornet (D:10)
  A meliai zombie (D:12)
  A wraith (D:11)
  A wyvern (D:13)
  17 yaks
  7 humans (D:13)
  A basilisk (D:11)
  2 hogs (D:14)
  Eustachio (D:4)
  A hungry ghost (D:7)
  Menkaure (D:4)
  2 soldier ants
  Duvessa (D:5)
  2 slaves (D:8)
  7 ice beasts
  8 orc warriors
  2 sky beasts
  A black bear (D:11)
  11 ogres
  4 phantoms
  8 centaurs
  A crocodile (D:8)
  Blork the orc (D:4)
  8 bullfrogs
  A big kobold (D:9)
  Dowan (D:5)
  3 water moccasin zombies (Ossuary)
  A wyvern skeleton (D:12)
  5 scorpions
  19 killer bees
  A water moccasin skeleton (D:7)
  14 wights
  3 howler monkeys
  8 crimson imps
  2 bullfrog zombies
  2 quasits
  2 jellies
  7 hounds
  14 orc wizards
  A gnoll shaman (D:5)
  7 orc priests
  Crazy Yiuf (D:4)
  4 iguanas
  Ijyb (D:3)
  Terence (D:3)
  12 worker ants
  Natasha (thrice) (D:2)
  4 big kobold zombies (Ossuary)
  A hound zombie (D:10)
  A hound skeleton (D:9)
  2 mummies (Ossuary)
  Robin (D:4)
  9 adders
  6 gnolls
  A river rat (D:11)
  3 shadow imps
  2 oozes
  9 adder zombies
  2 worms
  2 dart slugs
  3 leopard geckos
  77 orcs
  A ball python (D:8)
  5 giant cockroaches
  2 gnoll zombies (Ossuary)
  17 goblins
  9 hobgoblins
  4 jackals
  17 kobolds
  3 quokkas
  6 bats
  4 frilled lizards
  4 hobgoblin zombies (Ossuary)
  A jackal skeleton (D:4)
  3 kobold zombies (Ossuary)
  5 orc zombies (Ossuary)
  A quokka skeleton (D:6)
  3 rats
441 creatures vanquished.

Vanquished Creatures (others)
  A human (D:13)
  A giant cockroach (D:8)
  5 toadstools (D:6)
7 creatures vanquished.

Grand Total: 448 creatures vanquished

Notes
Turn   | Place    | Note
-------+----------+-------------------------------------------
     0 | D:1      | Apogee the Minotaur Berserker began the quest for the Orb.
     0 | D:1      | Reached XP level 1. HP: 19/19 MP: 0/0
   162 | D:1      | Reached XP level 2. HP: 27/27 MP: 1/1
   797 | D:2      | Reached skill level 4 in Maces & Flails
   873 | D:2      | Reached XP level 3. HP: 33/33 MP: 2/2
  1203 | D:2      | Noticed an ice beast
  1211 | D:2      | Killed an ice beast
  1211 | D:2      | Reached ** piety under Trog
  1211 | D:2      | Reached skill level 6 in Maces & Flails
  1211 | D:2      | Reached XP level 4. HP: 40/40 MP: 3/3
  1211 | D:2      | Reached XP level 5. HP: 46/46 MP: 4/4
  1304 | D:2      | Noticed Natasha
  1312 | D:2      | Killed Natasha
  1491 | D:2      | Noticed Natasha
  1497 | D:2      | Killed Natasha
  1529 | D:2      | Noticed Natasha
  1553 | D:2      | Killed Natasha
  1553 | D:2      | Reached skill level 7 in Maces & Flails
  1730 | D:3      | Noticed Ijyb
  1748 | D:3      | Killed Ijyb
  1995 | D:3      | Reached XP level 6. HP: 47/52 MP: 5/5
  2429 | D:3      | Noticed Terence
  2445 | D:3      | Killed Terence
  2445 | D:3      | Reached skill level 8 in Maces & Flails
  2800 | D:4      | Found a sand-covered staircase.
  2800 | D:4      | Noticed Robin
  2825 | D:4      | Killed Robin
  2836 | D:4      | Reached *** piety under Trog
  2840 | D:4      | Reached skill level 9 in Maces & Flails
  2840 | D:4      | Reached XP level 7. HP: 59/59 MP: 6/6
  2917 | Ossuary  | Entered an ossuary
  3168 | Ossuary  | Reached skill level 10 in Maces & Flails
  3234 | Ossuary  | Reached **** piety under Trog
  3494 | D:4      | Noticed Blork the orc
  3500 | D:4      | Killed Blork the orc
  3500 | D:4      | Reached skill level 11 in Maces & Flails
  3538 | D:4      | Noticed Menkaure
  3543 | D:4      | Killed Menkaure
  3543 | D:4      | Reached XP level 8. HP: 66/66 MP: 7/7
  3560 | D:4      | Found a hide-covered altar of Uskayaw.
  3625 | D:4      | Noticed Eustachio
  3638 | D:4      | Killed Eustachio
  3984 | D:4      | Reached skill level 12 in Maces & Flails
  4209 | D:4      | Found a runed translucent door.
  4210 | D:4      | Noticed Crazy Yiuf
  4369 | D:4      | Killed Crazy Yiuf
  4457 | D:4      | Gained mutation: Your movements are slightly less
                  | encumbered by armour. (ER -2) [potion of mutation]
  4457 | D:4      | Gained mutation: You are frail. (-10% HP) [potion of
                  | mutation]
  4457 | D:4      | Gained mutation: You have large cloven feet. [potion of
                  | mutation]
  4457 | D:4      | Gained mutation: You have hoof-like feet. [potion of
                  | mutation]
  4459 | D:5      | Entered Level 5 of the Dungeon
  4815 | D:5      | Reached ***** piety under Trog
  4876 | D:5      | Reached skill level 13 in Maces & Flails
  4950 | D:5      | Found Saochov's Antique Weapon Shop.
  5236 | D:5      | Noticed Duvessa
  5237 | D:5      | Noticed Dowan
  5242 | D:5      | Killed Duvessa
  5242 | D:5      | Reached XP level 9. HP: 63/63 MP: 8/8
  5245 | D:5      | Killed Dowan
  5544 | D:6      | Reached skill level 14 in Maces & Flails
  5660 | D:6      | Found a snail-covered altar of Cheibriados.
  5662 | D:6      | Reached skill level 1 in Slings
  5765 | D:6      | Found a staircase to the Ecumenical Temple.
  5776 | D:6      | Reached skill level 5 in Fighting
  5979 | D:6      | Found Ovaomm's Assorted Antiques.
  6336 | D:7      | Received a gift from Trog
  6531 | D:7      | Found a white marble altar of Elyvilon.
  6576 | D:7      | Found a bloodstained altar of Trog.
  6589 | D:7      | Found a flagged portal.
  6603 | Bailey   | Entered a bailey
  6666 | Bailey   | Noticed an orc knight
  6672 | Bailey   | Killed an orc knight
  6672 | Bailey   | Reached skill level 5 in Armour
  6715 | Bailey   | Reached XP level 10. HP: 64/79 MP: 3/9
  6807 | Bailey   | Found an iron altar of Okawaru.
  7156 | D:7      | meem: I'm meem, an infobot run by MalcolmRoseGaming: Type
                  | !submeem to keep me in your games; !nomeem to shut me up
                  | forever; !meem for help; !whymeem if you want to know why
                  | meem exists. Visit http://youtube.com/malcolmrosegaming for
                  | more DCSS content.
  7669 | D:8      | Reached skill level 5 in Slings
  7867 | D:8      | Noticed Pikel
  7871 | D:8      | Killed Pikel
  8732 | D:9      | Found an opulent altar of Gozag.
  8820 | D:9      | Reached skill level 10 in Fighting
  9521 | D:9      | Noticed Erolcha
  9531 | D:9      | Killed Erolcha
  9531 | D:9      | Reached XP level 11. HP: 89/89 MP: 3/10
  9678 | D:10     | Entered Level 10 of the Dungeon
  9736 | D:10     | Noticed Harold
  9748 | D:10     | Killed Harold
  9748 | D:10     | Reached ****** piety under Trog
  9896 | D:10     | Found a white marble altar of Elyvilon.
  9936 | D:10     | Reached skill level 10 in Armour
 10049 | D:10     | Received a gift from Trog
 10052 | D:10     | Got a crude dire flail {god gift}
 10053 | D:10     | Identified the +4 dire flail of Fortitude {flame, rF- Str-4
                  | Int+3 Dex+3} (Trog gifted it to you on level 10 of the
                  | Dungeon)
 10529 | D:10     | Noticed Erica
 10543 | D:10     | Killed Erica
 10806 | D:11     | Reached skill level 10 in Slings
 11131 | D:11     | Found a staircase to the Lair.
 11344 | D:11     | Found a staircase to the Orcish Mines.
 11446 | D:11     | Noticed a death yak
 11448 | D:11     | Noticed a death yak
 11450 | D:11     | Noticed a death yak
 11457 | D:11     | Killed a death yak
 11461 | D:11     | Killed a death yak
 11461 | D:11     | Reached XP level 12. HP: 99/99 MP: 3/11
 11464 | D:11     | Killed a death yak
 11891 | D:12     | Reached skill level 5 in Dodging
 11966 | D:12     | Received a gift from Trog
 12057 | D:12     | Found a flickering gateway to a bazaar.
 12070 | Bazaar   | Entered a bazaar
 12071 | Bazaar   | Found Pidiblih's Weapon Shop.
 12094 | Bazaar   | Found Gemunwe's Jewellery Shop.
 12102 | Bazaar   | Bought an uncursed ring of see invisible for 135 gold
                  | pieces
 12132 | Bazaar   | Found Dessaog's Jewellery Boutique.
 12132 | Bazaar   | Found Gonofum's Book Boutique.
 12388 | D:13     | Noticed a vault guard
 12388 | D:13     | Noticed a vault guard
 12388 | D:13     | Noticed a vault guard
 12405 | D:13     | Killed a vault guard
 12417 | D:13     | Killed a vault guard
 12423 | D:13     | Killed a vault guard
 12435 | D:13     | Noticed a vault guard
 12529 | D:13     | Noticed a centaur warrior
 12539 | D:13     | Killed a centaur warrior
 12539 | D:13     | Reached skill level 1 in Shields
 12784 | D:13     | Noticed a two-headed ogre
 12877 | D:13     | Killed a two-headed ogre
 13078 | D:13     | Killed a vault guard
 13401 | D:13     | Found a gate to the Vaults.
 13404 | D:13     | Got a faintly glowing kite shield
 13406 | D:13     | Identified the +4 kite shield of Hedghyez {rElec MR- Int+8}
                  | (You found it on level 13 of the Dungeon)
 13663 | D:14     | Reached XP level 13. HP: 109/109 MP: 12/12
 13756 | D:14     | Found a runed translucent door.
 13756 | D:14     | Noticed Yraatu's ghost (journeyman TrTm)
 13798 | D:14     | Noticed Kirke
 13824 | D:14     | Slain by a harpy

Illustrated notes

Levels and vault maps discovered:
D:1:      lemuel_arrival_cross, layout_basic, feat_on_display
D:2:      layout_rooms, uniq_natasha
D:3:      layout_basic, kennysheep_generic_room_8, uniq_ijyb, uniq_terence
D:4:      layout_basic, old_standard_altar, nicolae_ossuary_entry_monument,
          uniq_robin, uniq_blork_the_orc, uniq_menkaure, uniq_eustachio,
          uniq_crazy_yiuf_cottage
D:5:      layout_loops_cross, serial_shops, kennysheep_little_box, first_ration,
          dk_noncrumbling_2, uniq_duvessa
D:6:      layout_gridville, minmay_temple_entry_arrows, serial_shops,
          kennysheep_mini, minmay_gold_behind_fungi, cheibriados_altar_1
D:7:      layout_rooms, enter_bailey_6, basic_altar, trog_three_pillars_becter
D:8:      layout_layer_cave, uniq_pikel
D:9:      layout_stronghold, basic_altar, blue_anna_alchemist
          [blue_anna_fruit_fields, blue_anna_fruit_fields],
          minmay_misc_feat_plants, uniq_erolcha
D:10:     layout_loops_ring, elyvilon_altar_3, uniq_erica, uniq_harold
D:11:     layout_roguey, dpeg_lair_monsters, hiddenorc1_lemuel
D:12:     layout_roguey, serial_shops, bzr_entry_water, grunt_tough_drop
D:13:     layout_loops_ring, ximxim_vaults_locker_room
D:14:     layout_loops_corners, serial_shops, shop,
          ebering_ghost_reflecting_pool, minmay_misc_feat_enclosed,
          grunt_dithmenos_shadows, uniq_azrael, uniq_kirke

Skill      XL: |  1  2  3  4  5  6  7  8  9 10 11 12 |
---------------+-------------------------------------+-----
Fighting       | 4 7 10 11 13 | 13.4
Maces & Flails | 4 6 7 9 11 13 14 | 14.0
Armour         | 3 5 8 10 12 | 12.1
Slings         | 4 7 10 | 10.0
Dodging        | 4 7 |  7.4
Shields        | 3 |  3.3

Action                   |  1- 3 |  4- 6 |  7- 9 | 10-12 | 13-15 || total
-------------------------+-------+-------+-------+-------+-------++-------
Melee: Mace              |    63 |    29 |    12 |       |       ||   104
       Headbutt          |    11 |    15 |    90 |   144 |    13 ||   273
       Club              |       |    84 |   362 |    18 |    28 ||   492
       Dire flail        |       |       |    21 |   593 |       ||   614
       Unarmed           |       |       |       |       |     3 ||     3
 Fire: Hunting sling     |       |       |    26 |     1 |       ||    27
Throw: Dart              |       |       |     1 |       |       ||     1
Invok: Berserk           |     1 |     1 |     9 |    10 |       ||    21
  Use: Scroll            |       |     5 |     5 |     9 |     1 ||    20
       Potion            |       |       |    10 |     3 |       ||    13
 Stab: Sleeping          |     1 |       |       |       |       ||     1
  Eat: Chunk             |     1 |     6 |    20 |    24 |     1 ||    52
       Ration            |       |       |     1 |     2 |       ||     3
Armor: Animal skin       |     7 |     2 |       |       |       ||     9
       Ring mail         |       |     7 |    59 |       |       ||    66
       Skin              |       |       |    39 |     2 |       ||    41
       Chain mail        |       |       |    22 |       |       ||    22
       Plate armour      |       |       |    19 |   169 |    11 ||   199
Dodge: Dodged            |    37 |    42 |   117 |   152 |    13 ||   361
Block: Other             |    15 |    14 |    52 |    74 |    10 ||   165
       Reflection        |       |       |     4 |     5 |       ||     9
       Kite shield       |       |       |       |       |    15 ||    15

Table legend:
 A = Non-vault XP
 B = Vault XP
 C = Vault XP percentage of total XP
 D = Non-vault monster count
 E = Vault monster count
 F = Vault count percentage of total count
                 A         B        C        D         E       F
            +---------+---------+-------+---------+---------+-------
      Total |   22981 |   16226 |  41.4 |     325 |     113 |  25.8
            +---------+---------+-------+---------+---------+-------
        D:1 |      23 |       0 |   0.0 |      12 |       0 |   0.0
        D:2 |     267 |      35 |  11.6 |      23 |       1 |   4.2
        D:3 |      80 |      78 |  49.4 |      16 |       3 |  15.8
        D:4 |     512 |     539 |  51.3 |      26 |      17 |  39.5
        D:5 |    1000 |     214 |  17.6 |      36 |       2 |   5.3
        D:6 |     814 |       0 |   0.0 |      18 |       0 |   0.0
        D:7 |    1503 |       0 |   0.0 |      23 |       0 |   0.0
        D:8 |    1402 |     641 |  31.4 |      25 |       1 |   3.8
        D:9 |    2257 |    1109 |  32.9 |      21 |       2 |   8.7
       D:10 |    3641 |    1905 |  34.3 |      45 |       2 |   4.3
       D:11 |    3146 |    2691 |  46.1 |      20 |      22 |  52.4
       D:12 |    2426 |    1795 |  42.5 |      28 |       6 |  17.6
       D:13 |    4326 |    5353 |  55.3 |      27 |      11 |  28.9
       D:14 |    1584 |     388 |  19.7 |       5 |       2 |  28.6
    Ossuary |       0 |     409 | 100.0 |       0 |      28 | 100.0
     Bailey |       0 |    1069 | 100.0 |       0 |      16 | 100.0
            +---------+---------+-------+---------+---------+-------
